Map: Blackburn LE

Players

MaxPax - Winner!

  • Race: Protoss Protoss

Bly

  • Race: Zerg Zerg

Event: DreamHack SC2 Masters 2021 Fall

VOD

Have the link to the VOD?

Description

Time

  • Played on: July 30, 2021, 11:02 a.m.
  • Length: 12:07

All games in this series

Show
View Real Time Build Order
Export as new Build Order

MaxPax Protoss - Winner!

Build Orders: 1 Gate Expand, Oracle Opening 

Get SALT Encoding   

  12  0:00  Probe  
  13  0:12  Probe  
  14  0:19  Pylon  
  14  0:24  Probe  
  15  0:37  Probe (Chrono Boost)  
  16  0:42  Gateway  
  16  0:49  Assimilator, Probe (Chrono Boost)  
  17  0:55  Probe (Chrono Boost)  
  18  1:03  Probe  
  19  1:16  Probe  
  20  1:28  Nexus  
  20  1:39  Cybernetics Core  
  20  1:42  Probe  
  21  1:47  Assimilator  
  21  1:54  Probe  
  21  1:57  Pylon  
  22  2:06  Probe  
  23  2:15  Adept (Chrono Boost)  
  25  2:19  Stargate  
  25  2:21  Probe  
  26  2:33  Probe  
  27  2:40  Probe  
  27  2:42  Adept (Chrono Boost)  
  27  2:43  Warp Gate  
  28  2:45  Probe (Chrono Boost)  
  31  2:53  Void Ray (Chrono Boost)  
  31  2:57  Probe (Chrono Boost)  
  31  2:58  Probe (Chrono Boost)  
  33  3:03  Probe (Chrono Boost)  
  39  3:05  Probe (Chrono Boost)  
  39  3:11  Probe  
  40  3:17  Probe  
  40  3:19  Pylon  
  41  3:21  Gateway  
  41  3:25  Probe  
  42  3:29  Probe  
  42  3:36  Oracle (Chrono Boost)  
  42  3:37  Probe  
  45  3:42  Probe  
  46  3:49  Probe  
  46  3:54  Probe  
  48  4:01  Probe  
  49  4:03  Nexus  
  49  4:04  Pylon  
  49  4:06  Probe  
  50  4:13  Assimilator, Probe  
  50  4:14  Assimilator  
  51  4:18  Probe  
  51  4:19  Pylon  
  51  4:22  Void Ray (Chrono Boost)  
  52  4:25  Probe  
  57  4:34  Probe  
  57  4:37  Probe  
  57  4:38  Protoss Air Weapons Level 1  
  59  4:46  Probe  
  59  4:49  Probe  
  59  4:50  Shield Battery, Stargate  
  61  4:54  Forge  
  61  4:58  Void Ray (Chrono Boost)  
  61  4:59  Pylon, Probe  
  62  5:02  Probe  
  63  5:11  Probe (Chrono Boost)  
  63  5:13  Assimilator  
  69  5:14  Probe (Chrono Boost)  
  69  5:16  Probe (Chrono Boost)  
  69  5:18  Assimilator  
  71  5:22  Probe (Chrono Boost)  
  71  5:25  Probe x2 (Chrono Boost)  
  71  5:28  Void Ray  
  73  5:29  Probe (Chrono Boost)  
  73  5:30  Probe (Chrono Boost)  
  73  5:31  Probe (Chrono Boost)  
  73  5:34  Void Ray  
  80  5:37  Robotics Facility, Probe  
  80  5:41  Probe  
  80  5:42  Probe  
  87  5:49  Probe  
  88  5:53  Probe  
  88  5:54  Probe  
  90  6:01  Probe  
  91  6:06  Pylon  
  91  6:08  Probe  
  91  6:10  Stargate  
  93  6:18  Void Ray (Chrono Boost)  
  93  6:19  Nexus  
  93  6:20  Probe  
  93  6:21  Pylon  
  93  6:22  Fleet Beacon  
  93  6:24  Probe  
  93  6:25  Probe  
  99  6:32  Probe  
  100  6:36  Probe  
  100  6:39  Probe  
  106  6:41  Pylon  
  106  6:42  Pylon  
  106  6:45  Void Ray (Chrono Boost)  
  106  6:47  Probe  
  106  6:52  Photon Cannon  
  106  6:53  Probe x2  
  109  6:56  Photon Cannon  
  109  6:57  Photon Cannon, Void Ray (Chrono Boost)  
  109  7:00  Pylon  
  113  7:02  Photon Cannon  
  113  7:07  Robotics Bay  
  113  7:10  Zealot x2  
  113  7:14  Flux Vanes  
  115  7:23  Pylon  
  115  7:26  Shield Battery, Probe  
  115  7:27  Pylon, Probe x2  
  115  7:29  Assimilator  
  115  7:31  Probe  
  115  7:34  Photon Cannon  
  115  7:36  Assimilator  
  116  7:38  Pylon, Probe  
  116  7:39  Probe  
  116  7:41  Observer (Chrono Boost)  
  119  7:47  Carrier (Chrono Boost)  
  119  7:49  Protoss Air Weapons Level 2 (Chrono Boost)  
  125  7:56  Carrier (Chrono Boost)  
  131  8:00  Carrier (Chrono Boost)  
  131  8:04  Probe x2  
  131  8:05  Probe x2  
  141  8:10  Pylon  
  141  8:13  Pylon  
  141  8:34  Shield Battery  
  141  8:36  Anion Pulse-Crystals, Pylon  
  141  8:39  Pylon  
  141  8:41  Stalker x2, Phoenix (Chrono Boost)  
  147  8:48  Phoenix (Chrono Boost)  
  137  8:50  Phoenix (Chrono Boost)  
  127  8:59  Phoenix (Chrono Boost)  
  125  9:03  Probe  
  125  9:07  Stalker x2  
  126  9:10  Probe x2  
  126  9:16  Void Ray (Chrono Boost)  
  127  9:20  Void Ray (Chrono Boost)  
  127  9:21  Void Ray (Chrono Boost)  
  127  9:27  Observer, Probe  
  127  9:28  Probe x3  
  131  9:32  Photon Cannon  
  131  9:34  Photon Cannon  
  131  9:38  Shield Battery, Photon Cannon  
  131  9:39  Probe  
  131  9:40  Pylon, Void Ray (Chrono Boost), Probe  
  131  9:41  Photon Cannon  
  131  9:44  Shield Battery, Void Ray (Chrono Boost)  
  131  9:45  Zealot x2  
  142  9:53  Void Ray (Chrono Boost)  
  142  9:56  Observer  
  146  10:01  Twilight Council  
  146  10:02  Probe  
  146  10:03  Gateway  
  146  10:05  Gateway  
  146  10:06  Stalker x2  
  151  10:07  Gateway  
  151  10:14  Observer  
  151  10:19  Observer, Void Ray x2 (Chrono Boost)  
  160  10:23  Gateway  
  160  10:25  Gateway  
  160  10:28  Gateway  
  160  10:33  Void Ray (Chrono Boost)  
  164  10:45  Observer  
  164  10:48  Void Ray (Chrono Boost)  
  168  10:59  Pylon  
  168  11:00  Void Ray (Chrono Boost)  
  170  11:06  Zealot x3  
  170  11:07  Zealot x2  
  170  11:10  Void Ray (Chrono Boost)  
  170  11:11  Templar Archives  
  180  11:18  Void Ray  
  184  11:32  Zealot x8  
  198  11:44  Pylon  
  175  12:03  Zealot x8  
Show
View Real Time Build Order
Export as new Build Order

Bly Zerg 

Build Orders: Hatch First 

Get SALT Encoding   

  12  0:00  Drone  
  13  0:14  Overlord  
  13  0:27  Drone  
  14  0:32  Drone  
  14  0:33  Drone  
  16  0:49  Hatchery  
  15  0:53  Drone  
  15  0:56  Drone  
  17  1:00  Drone  
  18  1:11  Extractor  
  17  1:15  Spawning Pool  
  16  1:19  Drone  
  16  1:21  Drone  
  18  1:31  Drone  
  19  1:43  Drone  
  20  1:53  Overlord  
  20  2:01  Queen x2  
  20  2:02  Zergling x2  
  20  2:04  Zergling x2  
  26  2:14  Drone x2  
  28  2:16  Metabolic Boost  
  28  2:25  Drone x2  
  30  2:39  Hatchery  
  28  2:52  Drone x2  
  28  2:54  Overlord  
  28  2:56  Queen  
  32  3:03  Zergling x6  
  35  3:13  Drone x4  
  35  3:19  Zergling x2  
  40  3:21  Drone x3  
  43  3:38  Drone x2  
  44  3:42  Overlord x2  
  44  3:45  Overlord  
  43  3:58  Overlord  
  43  4:01  Queen, Drone  
  43  4:02  Drone x6  
  52  4:08  Spore Crawler  
  51  4:11  Spore Crawler  
  51  4:12  Drone x4  
  54  4:21  Queen  
  56  4:25  Drone x2  
  56  4:28  Spore Crawler x2  
  56  4:29  Extractor, Spore Crawler  
  53  4:34  Drone x5  
  53  4:37  Overlord  
  60  4:50  Drone x5  
  65  4:55  Hatchery  
  65  4:57  Drone x3  
  65  4:58  Drone x3  
  70  5:02  Zergling x4  
  70  5:06  Lair  
  72  5:12  Extractor  
  72  5:13  Extractor x3  
  68  5:14  Extractor  
  68  5:20  Queen x2  
  71  5:24  Drone x2  
  71  5:25  Overlord  
  71  5:26  Overlord x2  
  73  5:33  Overlord x2  
  73  5:45  Drone x11  
  84  5:52  Drone x5  
  89  6:02  Drone x2  
  89  6:03  Drone x3  
  89  6:09  Spire  
  89  6:10  Hydralisk Den  
  87  6:11  Queen  
  87  6:13  Drone x5  
  87  6:17  Drone x2  
  96  6:30  Spore Crawler  
  91  6:42  Overlord x2  
  91  6:44  Queen  
  91  6:48  Spore Crawler  
  83  6:58  Spore Crawler  
  78  7:05  Queen x2  
  80  7:26  Hatchery  
  77  7:33  Zerg Flyer Weapons Level 1  
  77  7:35  Drone x3  
  79  7:40  Hatchery  
  79  7:42  Muscular Augments  
  78  7:48  Mutalisk x16  
  110  7:56  Mutalisk  
  112  8:16  Baneling Nest  
  112  8:18  Evolution Chamber  
  110  8:20  Mutalisk x3  
  110  8:25  Hatchery  
  116  8:36  Mutalisk x3  
  116  8:38  Overlord x8  
  114  8:59  Extractor x2  
  110  9:03  Mutalisk x4  
  110  9:04  Zergling x8  
  110  9:05  Zergling x10  
  127  9:12  Infestation Pit  
  120  9:22  Drone x10  
  112  9:38  Drone x7  
  119  9:45  Drone  
  118  9:48  Extractor x2  
  110  9:56  Drone x4  
  110  9:59  Spore Crawler  
  112  10:06  Drone  
  112  10:07  Drone x8  
  121  10:11  Spore Crawler  
  120  10:15  Corruptor x2, Hive  
  120  10:16  Corruptor  
  126  10:23  Centrifical Hooks  
  126  10:25  Corruptor  
  126  10:26  Corruptor x2  
  132  10:31  Hatchery  
  132  10:33  Corruptor x3  
  132  10:35  Queen x3  
  143  10:39  Spore Crawler x3  
  143  10:40  Spore Crawler x2  
  143  10:41  Spore Crawler  
  135  10:45  Corruptor x3  
  139  10:54  Zergling x18  
  148  11:11  Extractor  
  142  11:12  Corruptor x6  
  142  11:17  Corruptor  
  141  11:26  Corruptor  

Tags
 
Add a new tag
Caveats
  • Supply blocks, unpowered buildings, or Contaminate may cause inaccurate times.
  • Supply counts are checked every 10 seconds.